 Dungeon Crawl Stone Soup version 0.30-b1-2-g02819fbbbe (webtiles) character file.

Game seed: 1771429103697441073

5103 LLlMATKO the Fighter (level 10, -5/139 HPs)
             Began as a Minotaur Berserker on Nov 19, 2023.
             Was an Elder of Trog.
             Killed from afar by an electric eel (14 damage)
             ... with a bolt of electricity
             ... on level 9 of the Dungeon on Nov 20, 2023.
             The game lasted 00:05:49 (8098 turns).

LLlMATKO the Fighter (Minotaur Berserker)           Turns: 8098, Time: 00:05:50

Health: -5/139     AC: 16    Str: 27    XL:     10   Next: 32%
Magic:  9/9        EV: 10    Int:  4    God:    Trog [****..]
Gold:   324        SH:  0    Dex:  9    Spells: 9/9 levels left

rFire   . . .        I - +4 hand axe (freeze)
rCold   . . .        (no shield)
rNeg    . . .        i - +0 plate armour
rPois   .            (helmet restricted)
rElec   .            (no cloak)
rCorr   .            o - +1 pair of gloves
SInv    .            (no boots)
Will    +....        (no amulet) Stlth
                     F - ring of willpower
HPRegen 0.43/turn    (no ring)
MPRegen 0.11/turn

%: no passive effects
@: berserking, very quick
A: horns 2, retaliatory headbutt
a: Renounce Religion, Berserk, Trog's Hand, Brothers in Arms


You were on level 9 of the Dungeon.
You worshipped Trog.
Trog was greatly pleased with you.
You visited 1 branch of the dungeon, and saw 9 of its levels.

You collected 324 gold pieces.

Inventory:

Hand Weapons
 w - a +0 war axe
 x - a +0 war axe
 E - a +0 vampiric hand axe
 I - a +4 hand axe of freezing (weapon)
Missiles
 g - 16 poisoned darts (quivered)
 D - 2 throwing nets
 H - a curare-tipped dart
Armour
 i - a +0 plate armour (worn)
 o - a +1 pair of gloves (worn)
 A - a +2 chain mail of cold resistance
Jewellery
 F - a ring of willpower (left hand)
Wands
 y - a wand of mindburst (8)
 B - a wand of paralysis (23)
 G - a wand of quicksilver (14)
Scrolls
 a - a scroll of enchant armour {unknown}
 b - a scroll of fear {unknown}
 c - 2 scrolls of noise {unknown}
 d - 5 scrolls of immolation {unknown}
 h - 2 scrolls of fog {unknown}
 j - 3 scrolls of amnesia {unknown}
 n - 4 scrolls of identify {unknown}
 p - 2 scrolls of vulnerability {unknown}
 u - 2 scrolls of butterflies {unknown}
 z - a scroll of teleportation {unknown}
Potions
 e - 7 potions of curing {unknown}
 f - 4 potions of lignification {unknown}
 k - a potion of heal wounds {unknown}
 l - a potion of cancellation {unknown}
 m - 3 potions of flight {unknown}
 q - a potion of might {unknown}
 r - 4 potions of degeneration {unknown}
 s - 2 potions of berserk rage {unknown}
 t - 2 potions of haste {unknown}
 v - a potion of attraction {unknown}
 C - 4 potions of mutation {unknown}


   Skills:
 + Level 10.0 Fighting
 + Level 9.9 Axes
 + Level 9.5 Armour
 + Level 8.7 Dodging


You had 9 spell levels left.
You didn't know any spells.
Your spell library was empty.

Dungeon Overview and Level Annotations

Branches:
Dungeon (9/15)             Temple (0/1) D:5            Lair (0/5) D:8
    Orc (0/2) D:9

Altars:
Cheibriados
Elyvilon
Fedhas
Hepliaklqana
Makhleb
Nemelex Xobeh
Qazlal
Sif Muna
Trog
Uskayaw
Wu Jian

Shops:
D:1 [


Innate Abilities, Weirdness & Mutations

You have a pair of horns on your head.
You reflexively headbutt those who attack you in melee.


Message History

You start resting.
HP restored.
The electric eel shoots out a bolt of lightning at you!
The bolt of electricity hits you!
The electric eel shoots out a bolt of lightning at you!
The bolt of electricity hits you!
The electric eel shoots out a bolt of lightning at you!
The bolt of electricity hits you.
You are too injured to fight recklessly!
The electric eel shoots out a bolt of lightning at you!
The bolt of electricity hits you.
The electric eel shoots out a bolt of lightning at you!
The bolt of electricity misses you.
The electric eel shoots out a bolt of lightning at you!
The bolt of electricity hits you.
The electric eel shoots out a bolt of lightning at you!
The bolt of electricity hits you!
The electric eel shoots out a bolt of lightning at you!
The bolt of electricity hits you.
The electric eel shoots out a bolt of lightning at you!
The bolt of electricity hits you.
The electric eel shoots out a bolt of lightning at you!
The bolt of electricity hits you!
The electric eel shoots out a bolt of lightning at you!
The bolt of electricity hits you but does no damage.
The bolt of electricity hits you!
* * * LOW HITPOINT WARNING * * *
The electric eel shoots out a bolt of lightning at you!
The bolt of electricity hits you!
* * * LOW HITPOINT WARNING * * *
A red film seems to cover your vision as you go berserk!
You feel yourself moving faster!
You feel mighty!
The electric eel shoots out a bolt of lightning at you!
The bolt of electricity hits you!
* * * LOW HITPOINT WARNING * * *
The bolt of electricity hits you!
* * * LOW HITPOINT WARNING * * *
The electric eel shoots out a bolt of lightning at you!
The bolt of electricity hits you!
You die...

#..# #.... #...
...## #.... #.≈≈
≈..# ##... #.≈≈
≈≈.. #... #.≈#
#≈.. #... #.≈##
≈.. #...
#.≈≈##≈≈.. #...
##.SS≈S≈≈.. #...
#..@....... #...
##...#...... #...
#....#...... ####
..####...#..#...#
#........#.## ###
####.....†.#
###....##########
##...# #.......
##..###.≈≈≈≈≈≈


You could see 3 electric eels.

Vanquished Creatures
  A manticore (D:9)
  A komodo dragon (D:8)
  A troll (D:9)
  2 hornets (D:9)
  A yak (D:9)
  A wyvern (D:5)
  A wraith (D:9)
  A steam dragon (D:9)
  A warg (D:9)
  2 sky beasts
  5 orc warriors
  5 ice beasts
  3 ogres
  2 centaurs
  A phantom (D:5)
  A kobold brigand (D:8)
  A bullfrog (D:6)
  A gnoll sergeant (D:8)
  A scorpion (D:5)
  4 wights (D:6)
  3 killer bees (D:9)
  A howler monkey (D:7)
  3 electric eels (D:9)
  2 hounds
  5 jellies
  3 orc priests
  Terence (D:2)
  An iguana (D:4)
  8 orc wizards
  12 gnolls
  4 adders
  An ufetubus (D:6)
  2 worms (D:4)
  3 dart slugs
  40 orcs
  3 endoplasms
  4 giant cockroaches
  3 goblins
  9 hobgoblins
  4 jackals (D:3)
  13 kobolds
  2 quokkas
  6 ball pythons
  5 bats
  A frilled lizard (D:1)
  7 rats
182 creatures vanquished.

Vanquished Creatures (others)
  43 plants (D:8)
43 creatures vanquished.

Grand Total: 225 creatures vanquished

Notes
Turn   | Place    | Note
-------+----------+-------------------------------------------
     0 | D:1      | LLlMATKO the Minotaur Berserker began the quest for the
                  | Orb.
     0 | D:1      | Reached XP level 1. HP: 19/19 MP: 0/0
   134 | D:1      | Found Xuxteq's Antique Armour Boutique.
   169 | D:1      | Found a faded altar of an unknown god.
   252 | D:1      | Reached XP level 2. HP: 25/27 MP: 1/1
   970 | D:2      | Reached skill level 4 in Fighting
  1004 | D:2      | Noticed Terence
  1009 | D:2      | Killed Terence
  1010 | D:2      | Reached XP level 3. HP: 33/33 MP: 2/2
  1390 | D:2      | Reached ** piety under Trog
  1677 | D:3      | Reached XP level 4. HP: 40/40 MP: 3/3
  2176 | D:3      | Found a sparkling altar of Nemelex Xobeh.
  2187 | D:3      | You fall into a shaft and drop 3 floors!
  2193 | D:6      | Noticed an ogre
  2200 | D:6      | Killed an ogre
  2201 | D:6      | Reached XP level 5. HP: 47/47 MP: 4/4
  2293 | D:6      | Noticed an ice beast
  2304 | D:6      | Killed an ice beast
  2305 | D:6      | Reached skill level 5 in Fighting
  2305 | D:6      | Reached skill level 5 in Axes
  2305 | D:6      | Reached XP level 6. HP: 56/56 MP: 5/5
  2345 | D:5      | Entered Level 5 of the Dungeon
  2600 | D:3      | Found a stormy altar of Qazlal.
  3606 | D:5      | Reached skill level 5 in Armour
  3606 | D:5      | Reached XP level 7. HP: 57/62 MP: 6/6
  3689 | D:5      | Noticed a wyvern
  3693 | D:5      | Killed a wyvern
  3694 | D:5      | Reached skill level 6 in Fighting
  3694 | D:5      | Reached skill level 5 in Dodging
  3977 | D:5      | Found a staircase to the Ecumenical Temple.
  4506 | D:6      | Reached XP level 8. HP: 68/71 MP: 7/7
  4610 | D:6      | Reached *** piety under Trog
  4715 | D:6      | Reached skill level 7 in Fighting
  5471 | D:7      | Reached skill level 8 in Fighting
  5471 | D:7      | Reached XP level 9. HP: 81/81 MP: 8/8
  5533 | D:7      | Found a burning altar of Makhleb.
  5534 | D:7      | Found a shimmering blue altar of Sif Muna.
  5534 | D:7      | Found a snail-covered altar of Cheibriados.
  5535 | D:7      | Found a hazy altar of Hepliaklqana.
  5536 | D:7      | Found an ornate altar of the Wu Jian Council.
  5536 | D:7      | Found a white marble altar of Elyvilon.
  5536 | D:7      | Found a hide-covered altar of Uskayaw.
  5537 | D:7      | Found a blossoming altar of Fedhas.
  6279 | D:8      | Reached **** piety under Trog
  6652 | D:8      | Found a staircase to the Lair.
  6655 | D:8      | Noticed a komodo dragon
  6667 | D:8      | Killed a komodo dragon
  6753 | D:9      | Noticed a manticore
  6765 | D:9      | Killed a manticore
  6766 | D:9      | Reached skill level 9 in Fighting
  6954 | D:9      | Found a stormy altar of Qazlal.
  6960 | D:9      | Paralysed by a hornet for 3 turns
  7387 | D:9      | Reached XP level 10. HP: 66/88 MP: 9/9
  7568 | D:9      | Found a staircase to the Orcish Mines.
  7752 | D:9      | Found a bloodstained altar of Trog.
  8020 | D:9      | Reached skill level 10 in Fighting
  8098 | D:9      | Killed from afar by an electric eel

Illustrated notes

Levels and vault maps discovered:
D:1:      ncdulo_smallfort, layout_basic, serial_shops, nicolae_shop_stone,
          shapermc_ecumenical_altar_venn
D:2:      layout_basic, uniq_terence
D:3:      layout_loops_ring, mainiacjoe_overflow_alcove_4,
          mainiacjoe_overflow_24_doors, grunt_ministairs_5,
          nicolae_figureground_pulse
D:4:      layout_loops_ring, kennysheep_path_1, minmay_cut_off
D:5:      layout_basic, minmay_temple_entry_fiery
D:6:      layout_loops_ring
D:7:      layout_basic, grunt_temple_overflow_open, grunt_ogre_cave,
          minmay_misc_feat_nine_boxes
D:8:      layout_rooms, david_lair_shrubbed
D:9:      nicolae_moon_pools, layout_cave_pods, david_orc_3,
          hangedman_feature_mirror

Skill      XL: |  1  2  3  4  5  6  7  8  9 10 |
---------------+-------------------------------+-----
Fighting       | 4 5 6 8 9 10 | 10.0
Axes           | 4 5 6 8 9 |  9.9
Armour         | 3 4 5 6 7 9 |  9.5
Dodging        | 3 4 5 6 8 |  8.7

Action                     |  1- 3 |  4- 6 |  7- 9 | 10-12 || total
---------------------------+-------+-------+-------+-------++-------
  Melee: Hand axe          |    64 |   107 |   113 |    54 ||   338
         Headbutt          |    11 |    20 |    49 |    16 ||    96
         War axe           |       |     9 |   139 |       ||   148
         Punch             |       |     1 |     2 |       ||     3
  Throw: Dart              |       |       |       |     4 ||     4
 Invoke: Berserk           |       |     3 |     7 |     2 ||    12
 Armour: Animal skin       |    12 |       |       |       ||    12
         Plate armour      |    14 |    57 |   170 |    29 ||   270
  Dodge: Dodged            |    31 |    41 |   120 |    21 ||   213
